 Dungeon Sprint DCSS version 0.30-a0-223-gcb0039aa0c (webtiles) character file.

Game seed: 7122645297889752720

25614 rocky1 the Fencer (level 13, -15/105 HPs)
             Began as a Djinni Fire Elementalist on Oct 10, 2022.
             Was an Initiate of Gozag.
             Demolished by a death yak (24 damage)
             ... in the Dungeon (Sprint III: "The Ten Rune Challenge").
             The game lasted 00:51:10 (6614 turns).

rocky1 the Fencer (Djinni Fire Elementalist)        Turns: 6614, Time: 00:51:11

Health: -15/105    AC:  7    Str: 10    XL:     13   Next: 51%
Gold:   2152       EV: 18    Int: 20    God:    Gozag SH:  0 Dex: 14

rFire   + + .      SeeInvis .    t - +2 scimitar (flame)
rCold   . . .      Faith    .    (no shield)
rNeg    + + .      Spirit   .    b - +2 robe {rC+}
rPois   ∞          Reflect  .    (no helmet)
rElec   .          Harm     .    g - +0 cloak
rCorr   .          Rampage  .    s - +0 pair of gloves {Stlth+}
Will    +++..      NoTele   +    (boots unavailable)
Stlth   +++++++...               j - amulet of Higaolug {rN+ Regen+ MP+9}
HPRegen 1.17/turn                f - ring of Ahaa {rN+ Will+ Str+3 Int-2 Stlth+}
MPRegen 0.00/turn                a - ring of willpower

@: flying, hasted, very quick
A: sickness immunity, fire resistance 2, cold vulnerability 1, float, innate
caster, HP casting, extra vitality 1
a: Renounce Religion, Potion Petition, Call Merchant, Bribe Branch


You were in the Dungeon.
You worshipped Gozag.
Gozag was most pleased with you.
You visited 1 branch You collected 13963 gold pieces.
You spent 6551 gold pieces at shops.
You paid 5260 gold pieces to Gozag.

Inventory:

Hand Weapons
 c - a +0 great sword
 t - a +2 scimitar of flaming (weapon)
 u - a +8 dagger of speed
 w - a +2 scimitar of holy wrath
 x - the +1 short sword of Wyrd {drain, Int+5 Dex+2}
   (You bought it in a shop in the Dungeon)

   A truly terrible weapon, it drains the life of any living foe it strikes.
   Int:       It affects your intelligence (+5).
   Dex:       It affects your dexterity (+2).
Missiles
 e - 5 curare-tipped darts
 y - 6 silver javelins (quivered)
Armour
 b - a +2 robe of cold resistance (worn)
 g - a +0 cloak (worn)
 s - a +0 pair of gloves of stealth (worn)
 C - a +2 ring mail of fire resistance
Jewellery
 a - a ring of willpower (right hand)
 f - the ring of Ahaa (left hand) {rN+ Will+ Str+3 Int-2 Stlth+}
   (You bought it in a shop in the Dungeon)

   [ring of willpower]

   Str:       It affects your strength (+3).
   Int:       It affects your intelligence (-2).
   rN:        It protects you from negative energy.
   Will:      It increases your willpower.
   Stlth:     It makes you more stealthy.
 j - the amulet of Higaolug (around neck) {rN+ Regen+ MP+9}
   (You bought it in a shop in the Dungeon)

   [amulet of regeneration]

   rN:        It protects you from negative energy.
   MP:        It affects your magic capacity (+9).
   Regen:     It increases your rate of health regeneration.
 q - a +4 ring of evasion
 z - the ring "Ziwkuthre" {rC+ rN+}
   (You found it in the Dungeon)

   [ring of positive energy]

   rC:        It protects you from cold.
   rN:        It protects you from negative energy.
 A - a ring of wizardry
Wands
 p - a wand of iceblast (14)
 v - a wand of charming (9)
Scrolls
 i - a scroll of immolation
 l - a scroll of poison
 B - a scroll of identify
Potions
 h - 3 potions of mutation
 k - a potion of ambrosia
 m - a potion of magic
 n - a potion of haste
 r - 3 potions of curing
Miscellaneous
 o - a phial of floods


   Skills:
 + Level 14.1 Fighting
 - Level 7.2(12.7) Short Blades
 - Level 16.3(16.9) Long Blades
 - Level 9.2 Armour
 - Level 13.4 Dodging
 - Level 11.7 Stealth
 + Level 12.9 Spellcasting


You had 5 spell levels left.
You knew the following spells:

 Your Spells              Type           Power      Damage    Failure   Level
a - Foxfire               Conj/Fire      100%       2x1d9     1%          1
b - Scorch                Fire           100%       2d10      1%          2
c - Kindle Blastsparks    Fire/Tloc/Air  100%       2d18      1%          3
d - Inner Flame           Hex/Fire       59%        N/A       1%          3
e - Flame Wave            Conj/Fire      59%        2d14      1%          4
f - Beastly Appendage     Tmut           100%       N/A       1%          1
g - Blink                 Tloc           100%       N/A       1%          2
h - Static Discharge      Conj/Air       100%       2-7/arc   1%          2
i - Cause Fear            Hex            29%        N/A       1%          4
j - Fireball              Conj/Fire      29%        3d13      1%          5
k - Borgnjor's Vile Clut  Necr/Erth      29%        N/A       1%          5
Your spell library was empty.

Dungeon Overview and Level Annotations

Branches:
Dungeon (1/1)

Altars:
Cheibriados
Dithmenos
Elyvilon
Fedhas
Gozag
Hepliaklqana
Makhleb
Nemelex Xobeh
Okawaru
Qazlal
Ru
Trog
Uskayaw
Wu Jian
Xom
Yredelemnul
Zin
The Shining One
Jiyva
Lugonu

Shops:
D (([=(!:===?!(*[**


Innate Abilities, Weirdness & Mutations

You are immune to sickness and miasma.
You are immune to poison.
Your flesh is very heat resistant. (rF++)
You are vulnerable to cold. (rC-)
You float through the air rather than walking.
You learn spells naturally, not from books.
Your magical power is your life essence.
You have superior vitality. (+4 MHP)


Message History

Okay, then.
The death yak bellows!
The death yak gores you!
You completely miss the death yak. You hit the death yak.
You burn the death yak.
The death yak is lightly wounded.
The death yak gores you!!
You barely miss the death yak.
The death yak is lightly wounded.
The death yak gores you!
You hit the death yak but do no damage.
The death yak is lightly wounded.
You barely miss the death yak.
The death yak is lightly wounded.
The death yak gores you but does no damage.
Casting: Scorch (safe; 1% risk of failure)
Confirm with . or Enter, or press ? or * to list all spells.
Flames lash the death yak but do no damage.
The death yak gores you.
Casting: Scorch (safe; 1% risk of failure)
Confirm with . or Enter, or press ? or * to list all spells.
Flames lash the death yak but do no damage.
The death yak gores you but does no damage.
Casting: Scorch (safe; 1% risk of failure)
Confirm with . or Enter, or press ? or * to list all spells.
Flames lash the death yak.
The death yak is lightly wounded.
The death yak's fire resistance burns away.
The death yak gores you!!
Casting: Scorch (safe; 1% risk of failure)
Confirm with . or Enter, or press ? or * to list all spells.
Flames lash the death yak.
The death yak is burned terribly!
The death yak is moderately wounded.
* * * LOW HITPOINT WARNING * * *
The death yak gores you!!
* * * LOW HITPOINT WARNING * * *
Okay, then.
You feel yourself speed up. The death yak gores you!!
You die...
Your body crumbles into a pile of gold.

*,,,+~≈≈≈≈§≈~.♣♣.....♣♣♣♣~~
*,,,#~≈≈.§§~≈.♣♣.≈≈≈≈'♣♣'♣≈
*,,,#≈~)≈§§~≈≈~'.∩...#.~♣♣♣
*,,,#~~~~§≈.≈~♣♣♣♣♣♣♣#°°♣♣
*,,$#≈..~.§~≈~♣ ###'♣♣
*##+####'#######♣ ♣♣♣♣.##
*...............♣♣ ♣...##.
*#+#############'♣ ♣♣.##.#
*,,,#~...Y@......♣ ♣..#.#
*,,,+~~...########** ♣♣.##.
*,..#~~~.........,,* ♣♣.##.
*,J.#~~~~........,,* ♣.....
*+#*###########+#****######
**,****** *~~~~~~~~~~~~
**,*,,,*** *~~~~~~~~~~~~
**,,,,,,,** *~~~,,~~~~~,,
**,,,,,,,,,** *~~,,,,~~~,,,


You could see a death yak (combustible).

Vanquished Creatures
  Rupert (D)
  Harold (D)
  2 hydras (D)
  Erolcha (D)
  3 anacondas (D)
  2 death yaks (D)
  Urug (D)
  2 orc high priests (D)
  2 deep elf knights (D)
  A spriggan druid (D)
  A death drake (D)
  An obsidian statue (D)
  A lindwurm (D)
  An orc knight (D)
  Joseph (D)
  2 deep elf pyromancers (D)
  2 deep elf zephyrmancers (D)
  An orc sorcerer (D)
  5 black mambas (D)
  2 cane toads (D)
  A rime drake (D)
  A komodo dragon (D)
  3 wandering mushrooms (D)
  A queen bee (D)
  4 spriggan defenders (D)
  2 tyrant leeches (D)
  8 blink frogs (D)
  2 spriggans (D)
  A shadow (D)
  5 redbacks (D)
  A spatial vortex (D)
  2 hydra simulacra (D)
  3 water moccasins (D)
  3 orc warriors (D)
  A swamp drake (D)
  A fire dragon simulacrum (D)
  5 two-headed ogres (D)
  A water elemental (D)
  A necrophage (D)
  32 killer bees (D)
  An electric eel (D)
  A jelly (D)
  5 orc priests (D)
  Crazy Yiuf (D)
  Jessica (D)
  A necromancer (D)
  A wizard (D)
  3 orc wizards (D)
  A polar bear simulacrum (D)
  3 humans (D)
  A kobold demonologist (D)
  4 adders (D)
  7 orcs (D)
  An endoplasm (D)
  2 rats (D)
144 creatures vanquished.

Vanquished Creatures (collateral kills)
  2 foxfires (D)
2 creatures vanquished.

Vanquished Creatures (others)
  80 foxfires (D)
  23 plants (D)
103 creatures vanquished.

Grand Total: 249 creatures vanquished

Notes
Turn   | Place    | Note
-------+----------+-------------------------------------------
     0 | D        | rocky1 the Djinni Fire Elementalist began the quest for the
                  | Orb.
     0 | D        | rocky1 set off with the following spells memorised:
                  | Foxfire, Scorch, Kindle Blastsparks, Inner Flame, Flame
                  | Wave.
     0 | D        | Reached XP level 1. HP: 15/15 MP: 0/0
    38 | D        | Noticed Jessica
    43 | D        | Killed Jessica
    44 | D        | Reached XP level 2. HP: 21/24 MP: 0/0
    44 | D        | Reached XP level 3. HP: 26/29 MP: 0/0
    44 | D        | Learned a level 1 spell: Beastly Appendage
    82 | D        | Noticed Crazy Yiuf
    86 | D        | Killed Crazy Yiuf
    87 | D        | Reached XP level 4. HP: 26/35 MP: 0/0
   141 | D        | Noticed a water elemental
   144 | D        | Killed a water elemental
   145 | D        | Reached skill level 5 in Dodging
   145 | D        | Reached skill level 5 in Spellcasting
   145 | D        | Reached XP level 5. HP: 35/41 MP: 0/0
   145 | D        | Learned a level 2 spell: Blink
   333 | D        | Found a glowing silver altar of Zin.
   333 | D        | Found a glowing golden altar of the Shining One.
   333 | D        | Found a white marble altar of Elyvilon.
   334 | D        | Noticed a deep elf pyromancer
   338 | D        | Killed a deep elf pyromancer
   339 | D        | Reached XP level 6. HP: 32/51 MP: 0/0
   339 | D        | Reached XP level 7. HP: 36/57 MP: 0/0
   339 | D        | Learned a level 2 spell: Static Discharge
   613 | D        | Noticed a shadow
   618 | D        | Reached skill level 1 in Long Blades
   618 | D        | Killed a shadow
   619 | D        | Reached skill level 2 in Long Blades
   619 | D        | Reached XP level 8. HP: 41/64 MP: 0/0
   701 | D        | Found a blossoming altar of Fedhas.
   701 | D        | Found a stormy altar of Qazlal.
   701 | D        | Found a snail-covered altar of Cheibriados.
   701 | D        | Found a burning altar of Makhleb.
   701 | D        | Found a shimmering altar of Xom.
   702 | D        | Found a hazy altar of Hepliaklqana.
   702 | D        | Found an opulent altar of Gozag.
   702 | D        | Found a sparkling altar of Nemelex Xobeh.
   702 | D        | Found a corrupted altar of Lugonu.
   702 | D        | Found a viscous altar of Jiyva.
   707 | D        | Became a worshipper of Gozag Ym Sagoz the Greedy
   775 | D        | Found a basalt altar of Yredelemnul.
   775 | D        | Found a shadowy altar of Dithmenos.
   775 | D        | Found a sacrificial altar of Ru.
   783 | D        | Reached skill level 3 in Long Blades
   819 | D        | Found a hide-covered altar of Uskayaw.
   819 | D        | Found an iron altar of Okawaru.
   819 | D        | Found a bloodstained altar of Trog.
   819 | D        | Found an ornate altar of the Wu Jian Council.
   819 | D        | Noticed a human
   819 | D        | Noticed a human
   824 | D        | Killed a human
   830 | D        | Killed a human
  1005 | D        | Reached skill level 4 in Long Blades
  1005 | D        | Reached XP level 9. HP: 23/70 MP: 0/0
  1005 | D        | Learned a level 4 spell: Cause Fear
  1361 | D        | Noticed a two-headed ogre
  1504 | D        | Noticed an orc sorcerer
  1504 | D        | Noticed an orc knight
  1504 | D        | Noticed an orc high priest
  1566 | D        | Reached skill level 5 in Long Blades
  1744 | D        | Killed an orc high priest
  1745 | D        | Reached skill level 6 in Long Blades
  1769 | D        | Killed an orc knight
  1770 | D        | Reached skill level 8 in Long Blades
  1770 | D        | Reached skill level 10 in Spellcasting
  2021 | D        | HP: 2/74 [orc warrior/+0 hand axe (8)]
  2024 | D        | Reached skill level 10 in Fighting
  2024 | D        | Reached XP level 10. HP: 12/80 MP: 0/0
  2246 | D        | Killed an orc sorcerer
  2359 | D        | Reached skill level 9 in Long Blades
  2478 | D        | Found Jinwi's Weapon Shop.
  2540 | D        | Noticed Erolcha
  2546 | D        | Killed Erolcha
  2547 | D        | Reached skill level 10 in Dodging
  2667 | D        | Reached skill level 5 in Armour
  2769 | D        | Bought a ring of willpower for 325 gold pieces
  2769 | D        | Bought the amulet of Higaolug {rN+ Regen+ MP+9} for 781
                  | gold pieces
  2769 | D        | Bought a +4 ring of evasion for 468 gold pieces
  2802 | D        | Reached skill level 10 in Long Blades
  2802 | D        | Reached XP level 11. HP: 67/87 MP: 0/0
  2802 | D        | Learned a level 5 spell: Fireball
  3168 | D        | Bought a glowing leather armour for 140 gold pieces
  3168 | D        | Bought a pair of embroidered gloves for 210 gold pieces
  3168 | D        | Bought a glowing scale mail for 196 gold pieces
  3168 | D        | Bought a runed scale mail for 196 gold pieces
  3215 | D        | Noticed a deep elf zephyrmancer
  3215 | D        | Noticed a deep elf knight
  3215 | D        | Noticed a deep elf knight
  3215 | D        | Noticed a deep elf zephyrmancer
  3215 | D        | Noticed a deep elf pyromancer
  3226 | D        | Killed a deep elf zephyrmancer
  3227 | D        | Killed a deep elf knight
  3228 | D        | Killed a deep elf pyromancer
  3231 | D        | Killed a deep elf knight
  3236 | D        | Killed a deep elf zephyrmancer
  3237 | D        | Reached skill level 11 in Long Blades
  3251 | D        | Noticed a deep elf pyromancer
  3293 | D        | Noticed a deep elf demonologist
  3303 | D        | Noticed a deep elf annihilator
  3303 | D        | Noticed a deep elf high priest
  3305 | D        | Noticed a deep elf high priest
  3307 | D        | Noticed a deep elf master archer
  3560 | D        | HP: 3/90 [komodo dragon (22)]
  3838 | D        | Bought a potion of heal wounds for 75 gold pieces
  3838 | D        | Bought a potion of might for 60 gold pieces
  3838 | D        | Bought a potion of mutation for 120 gold pieces
  3838 | D        | Bought a potion of heal wounds for 75 gold pieces
  3838 | D        | Bought a potion of curing for 45 gold pieces
  3838 | D        | Bought a potion of curing for 45 gold pieces
  3838 | D        | Bought a potion of brilliance for 60 gold pieces
  3840 | D        | Bought a +8 dagger of speed for 768 gold pieces
  3844 | D        | Noticed Harold
  3844 | D        | Noticed Joseph
  3860 | D        | Killed Joseph
  3861 | D        | Reached skill level 1 in Short Blades
  3865 | D        | Killed Harold
  3866 | D        | Reached XP level 12. HP: 44/96 MP: 0/0
  4177 | D        | Noticed a yaktaur captain
  4177 | D        | Noticed a yaktaur captain
  4185 | D        | Noticed a sixfirhy
  4217 | D        | Noticed a yaktaur captain
  4477 | D        | Noticed a steelbarb worm
  4563 | D        | Found Vycw's Magic Scroll Emporium.
  4563 | D        | Found Perevit's Antique Weapon Shop.
  4563 | D        | Found Kusoaleu's General Store.
  4563 | D        | Found Busakera's Jewellery Boutique.
  4563 | D        | Found Vanwei's Distillery.
  4563 | D        | Found Wucso's Jewellery Shoppe.
  4563 | D        | Found Fucukk's General Store.
  4563 | D        | Found Regijakk's Jewellery Shop.
  4563 | D        | Found Ighyorap's Antique Armour Emporium.
  4563 | D        | Found Koutsoem's Book Emporium.
  4563 | D        | Found Ideics's General Store.
  4608 | D        | Bought a scroll of enchant weapon for 105 gold pieces
  4608 | D        | Bought a scroll of magic mapping for 105 gold pieces
  4608 | D        | Bought a scroll of fear for 56 gold pieces
  4610 | D        | Bought a glowing scimitar for 182 gold pieces
  4613 | D        | Bought a potion of haste for 130 gold pieces
  4613 | D        | Bought 2 scrolls of identify for 52 gold pieces
  4617 | D        | Bought a potion of heal wounds for 50 gold pieces
  4617 | D        | Bought the ring of Ahaa {rN+ Will+ Str+3 Int-2 Stlth+} for
                  | 411 gold pieces
  4617 | D        | Bought a potion of haste for 100 gold pieces
  4618 | D        | Bought glowing steam dragon scales for 1376 gold pieces
  4812 | D        | Reached skill level 10 in Stealth
  5080 | D        | Noticed Urug
  5085 | D        | Killed Urug
  5086 | D        | Reached skill level 12 in Long Blades
  5201 | D        | Noticed a five-headed hydra
  5201 | D        | Noticed a four-headed hydra
  5288 | D        | Killed a four-headed hydra
  5289 | D        | Reached skill level 5 in Short Blades
  5292 | D        | Killed a five-headed hydra
  5309 | D        | Noticed a death drake
  5321 | D        | Killed a death drake
  5333 | D        | Found a blossoming altar of Fedhas.
  5342 | D        | Noticed a spriggan druid
  5355 | D        | Killed a spriggan druid
  5388 | D        | Identified the ring "Ziwkuthre" {rC+ rN+}
  5530 | D        | Noticed an anaconda
  5538 | D        | Killed an anaconda
  5539 | D        | Reached skill level 13 in Long Blades
  5569 | D        | Reached XP level 13. HP: 47/103 MP: 0/0
  5569 | D        | Learned a level 5 spell: Borgnjor's Vile Clutch
  5776 | D        | Noticed an anaconda
  5784 | D        | Killed an anaconda
  5841 | D        | Noticed an anaconda
  5841 | D        | Noticed an anaconda
  5851 | D        | Killed an anaconda
  5852 | D        | Reached skill level 14 in Long Blades
  5981 | D        | Reached skill level 15 in Long Blades
  6094 | D        | Bought a runed scimitar for 196 gold pieces
  6094 | D        | Bought a crude short sword for 224 gold pieces
  6094 | D        | Identified the +1 short sword of Wyrd {drain, Int+5 Dex+2}
                  | (You bought it in a shop in the Dungeon)
  6106 | D        | Noticed Rupert
  6138 | D        | Killed Rupert
  6139 | D        | Reached skill level 16 in Long Blades
  6576 | D        | Noticed an azure jelly
  6576 | D        | Noticed an azure jelly
  6614 | D        | Demolished by a death yak

Illustrated notes

Levels and vault maps discovered:
D:        dungeon_sprint_mu [sprint_mu_entry_forest, sprint_mu_temple_rooms,
          sprint_mu_d1_spiders, sprint_mu_d2_genie, sprint_mu_d3_branching,
          sprint_mu_orc_legion, sprint_mu_elf_gauntlet, sprint_mu_hive_nellie,
          sprint_mu_lair_fedhas, sprint_mu_vaults_butterflies,
          sprint_mu_slime_circle, sprint_mu_shoals_archi,
          sprint_mu_snake_twists, sprint_mu_blade_basic, sprint_mu_crypt_lich,
          sprint_mu_tomb_spiral, sprint_mu_vestibule_basic,
          sprint_mu_gehenna_hellfire, sprint_mu_dis_giant,
          sprint_mu_tartarus_statrot, sprint_mu_cocytus_islands, sprint_mu_zot1]

Skill      XL: |  1  2  3  4  5  6  7  8  9 10 11 12 13 |
---------------+----------------------------------------+-----
Fighting       | 2 3 4 6 7 8 10 11 12 13 14 | 14.1
Dodging        | 3 4 5 7 8 9 11 13 | 13.4
Stealth        | 2 3 4 6 7 9 11 | 11.7
Spellcasting   | 3 4 5 7 8 9 10 11 12 | 12.9
Long Blades    | 2 4 8 10 11 13 16 | 16.3
Armour         | 5 8 9 |  9.2
Short Blades   | 2 7 |  7.2

Action                   |  1- 3 |  4- 6 |  7- 9 | 10-12 | 13-15 || total
-------------------------+-------+-------+-------+-------+-------++-------
Melee: Unarmed           |     2 |       |       |       |       ||     2
       Long sword        |       |       |    20 |    18 |       ||    38
       Great sword       |       |       |    12 |    91 |       ||   103
       Dagger            |       |       |       |    67 |    43 ||   110
       Scimitar          |       |       |       |    21 |    71 ||    92
       Punch             |       |       |       |     2 |     4 ||     6
       Short sword       |       |       |       |       |    13 ||    13
Throw: Dart              |       |       |       |       |     7 ||     7
       Javelin           |       |       |       |       |     2 ||     2
 Cast: Foxfire           |     9 |       |    23 |    16 |     2 ||    50
       Scorch            |     4 |     7 |    47 |   121 |    28 ||   207
       Flame Wave        |       |       |     1 |    13 |       ||    14
       Fireball          |       |       |       |     7 |     3 ||    10
       Borgnjor's Vile C |       |       |       |       |     1 ||     1
Invok: Call Merchant     |       |       |       |     4 |     1 ||     5
  Use: Potion            |       |       |     3 |     5 |     4 ||    12
       Scroll            |       |       |       |     8 |     1 ||     9
 Stab: Distracted        |       |       |       |     1 |       ||     1
       Sleeping          |       |       |       |     5 |     2 ||     7
Armor: Robe              |       |       |     2 |    27 |    15 ||    44
       Leather armour    |       |       |     2 |       |       ||     2
Dodge: Dodged            |       |     1 |    34 |   282 |    81 ||   398

Table legend: (Time is in decaauts)
 A = Elapsed time spent in this place.
 B = Non-inter-level travel time spent in this place.
 C = Inter-level travel time spent in this place.
 D = Time resting spent in this place.
 E = Time spent auto-exploring this place.
 F = Levels seen in this place.
 G = Mean time per level.
                   A        B        C        D        E       F      G
               +--------+--------+--------+--------+--------+-----+--------+
         Total |   6502 |   6413 |     89 |   3842 |      0 |   1 | 6502.0 |
       Dungeon |   6502 |   6413 |     89 |   3842 |      0 |   1 | 6502.0 |
               +--------+--------+--------+--------+--------+-----+--------+

Top non-repeatable levels by time:
       D: 6502 daAuts
